Map: [ESL] Oceanborn

Players

Classic

  • Race: Protoss Protoss
  • Spawn Location: 5:00

DRG - Winner!

  • Race: Zerg Zerg
  • Spawn Location: 11:00

Event: IEM Katowice 2024

VOD

Have the link to the VOD?

Description

Time

  • Played on: Dec. 6, 2023, 4:26 a.m.
  • Length: 11:52

All games in this series

Show
View Real Time Build Order
Export as new Build Order

Classic Protoss 

Build Orders: 1 Gate Expand, Oracle Opening 

Get SALT Encoding   

  12  0:00  Probe  
  13  0:13  Pylon  
  13  0:17  Probe (Chrono Boost)  
  14  0:27  Probe (Chrono Boost)  
  15  0:32  Probe (Chrono Boost)  
  16  0:41  Gateway  
  16  0:43  Probe  
  16  0:49  Assimilator  
  17  0:55  Probe  
  18  1:07  Probe  
  19  1:20  Probe  
  20  1:26  Nexus  
  20  1:32  Probe  
  21  1:40  Cybernetics Core  
  21  1:44  Probe  
  22  1:49  Assimilator  
  22  1:54  Pylon  
  22  1:56  Probe  
  23  2:12  Probe  
  23  2:14  Adept (Chrono Boost)  
  24  2:21  Stargate  
  26  2:24  Probe  
  27  2:30  Warp Gate  
  27  2:36  Adept, Probe (Chrono Boost)  
  30  2:38  Probe (Chrono Boost)  
  31  2:47  Probe (Chrono Boost)  
  31  2:48  Probe (Chrono Boost)  
  33  2:52  Probe (Chrono Boost)  
  33  2:53  Probe (Chrono Boost)  
  35  3:02  Probe  
  40  3:08  Void Ray (Chrono Boost)  
  40  3:10  Probe  
  41  3:12  Pylon  
  41  3:16  Probe  
  42  3:22  Probe  
  42  3:23  Gateway  
  43  3:28  Probe  
  43  3:33  Assimilator  
  44  3:34  Probe  
  44  3:36  Oracle (Chrono Boost)  
  44  3:40  Assimilator, Probe  
  49  3:46  Probe  
  49  3:47  Pylon  
  50  3:54  Probe  
  51  3:58  Probe  
  52  4:06  Probe  
  53  4:10  Probe  
  54  4:18  Probe  
  54  4:19  Nexus  
  54  4:20  Fleet Beacon  
  54  4:22  Probe  
  56  4:26  Stargate  
  56  4:31  Pylon  
  56  4:35  Probe x2  
  56  4:37  Nexus  
  54  4:47  Probe x2  
  54  4:48  Adept  
  54  4:49  Adept  
  54  4:51  Pylon  
  60  4:59  Probe x2  
  62  5:11  Carrier (Chrono Boost)  
  68  5:14  Carrier (Chrono Boost)  
  68  5:21  Probe x2  
  74  5:33  Probe x2  
  74  5:40  Adept  
  74  5:41  Shield Battery  
  74  5:42  Pylon  
  74  5:43  Adept  
  74  5:45  Probe (Chrono Boost)  
  74  5:47  Shield Battery, Probe (Chrono Boost)  
  78  5:51  Probe (Chrono Boost)  
  80  5:57  Probe (Chrono Boost), Twilight Council, Forge  
  80  6:01  Probe (Chrono Boost)  
  80  6:02  Probe (Chrono Boost)  
  80  6:03  Probe (Chrono Boost)  
  82  6:06  Probe (Chrono Boost)  
  82  6:09  Assimilator, Probe  
  85  6:11  Probe  
  85  6:15  Assimilator  
  85  6:18  Probe  
  87  6:21  Probe  
  87  6:24  Pylon  
  88  6:28  Gateway  
  88  6:29  Gateway  
  88  6:31  Protoss Ground Weapons Level 1  
  88  6:33  Blink  
  88  6:34  Probe x3  
  91  6:40  Stalker x2  
  91  6:47  Gateway x2  
  95  6:53  Pylon  
  95  7:02  Pylon  
  95  7:03  Pylon  
  95  7:05  Pylon  
  95  7:06  Stalker x2  
  99  7:08  Templar Archives  
  99  7:15  Gateway  
  99  7:17  Gateway  
  91  7:34  Stalker x2  
  80  7:47  Stalker x2  
  84  7:53  Psionic Storm  
  84  7:55  Probe x2  
  84  7:57  Stalker x2  
  91  8:01  Nexus  
  91  8:03  Shield Battery  
  90  8:07  Shield Battery  
  84  8:15  High Templar x4  
  84  8:18  Shield Battery  
  84  8:19  Probe x2  
  94  8:21  Nexus, Stalker x2  
  94  8:23  Pylon  
  98  8:29  Pylon  
  98  8:36  Protoss Ground Weapons Level 2, Probe x2  
  100  8:45  Stalker x2  
  104  8:54  Stalker x2  
  108  8:59  High Templar  
  108  9:00  High Templar  
  112  9:05  Probe x2  
  112  9:07  Shield Battery  
  112  9:08  Gateway  
  114  9:17  Probe  
  114  9:19  Stalker x3  
  121  9:27  Stalker  
  123  9:33  Pylon  
  123  9:35  Stalker x2  
  124  9:44  Stalker x3  
  129  9:51  Stalker  
  125  10:02  Nexus  
  115  10:07  Archon x2  
  115  10:08  Stalker x3  
  98  10:14  Stalker x3  
  98  10:20  Probe x2  
  98  10:32  Probe  
  98  10:33  High Templar  
  98  10:35  Nexus  
  101  10:37  Pylon  
  101  10:44  Stalker x3  
  107  10:51  High Templar  
  107  10:52  Zealot  
  111  11:01  Archon  
  103  11:08  Stalker x4  
  99  11:15  Stalker  
  92  11:23  Stalker  
  76  11:26  Stalker  
  76  11:31  Stalker  
  76  11:32  Zealot  
  82  11:36  Stalker  
  82  11:43  Stalker  
Show
View Real Time Build Order
Export as new Build Order

DRG Zerg - Winner!

Build Orders: Hatch First 

Get SALT Encoding   

  12  0:00  Drone  
  13  0:11  Overlord  
  13  0:17  Drone  
  14  0:30  Drone x2  
  14  0:33  Drone  
  17  0:51  Hatchery  
  17  0:55  Drone  
  17  0:57  Drone  
  18  1:06  Drone  
  18  1:09  Extractor  
  18  1:16  Spawning Pool  
  17  1:19  Drone  
  18  1:28  Drone  
  19  1:38  Drone  
  20  1:49  Drone  
  21  1:59  Overlord  
  21  2:03  Queen  
  21  2:04  Drone, Queen  
  26  2:12  Zergling x2  
  26  2:13  Metabolic Boost  
  26  2:15  Zergling x2  
  28  2:21  Drone  
  29  2:24  Zergling x2  
  30  2:31  Drone  
  30  2:36  Drone  
  32  2:39  Queen  
  34  2:46  Hatchery  
  34  2:51  Overlord  
  33  2:53  Drone  
  34  2:59  Drone  
  34  3:03  Overlord  
  35  3:09  Queen  
  35  3:10  Drone  
  35  3:12  Drone x2  
  40  3:14  Drone  
  41  3:20  Queen  
  41  3:25  Drone x2  
  41  3:26  Drone  
  46  3:31  Overlord  
  46  3:33  Drone  
  47  3:35  Drone  
  48  3:42  Drone  
  48  3:46  Zergling x6  
  52  3:48  Queen  
  52  3:51  Overlord  
  54  3:55  Spore Crawler  
  54  3:58  Queen  
  54  4:02  Queen  
  57  4:04  Drone  
  57  4:07  Overlord  
  58  4:10  Overlord  
  58  4:13  Drone  
  58  4:15  Drone x2  
  61  4:20  Drone x3  
  61  4:22  Drone  
  61  4:24  Drone  
  66  4:27  Drone x3  
  68  4:31  Drone  
  68  4:34  Drone x3  
  69  4:39  Drone  
  69  4:41  Lair  
  69  4:42  Drone  
  69  4:45  Drone  
  71  4:46  Spore Crawler  
  71  4:49  Zergling x4  
  71  4:51  Overlord  
  71  4:52  Drone  
  72  4:57  Extractor, Roach Warren  
  72  4:58  Extractor, Drone x2  
  71  5:04  Drone x2  
  71  5:06  Drone x5  
  78  5:08  Drone  
  78  5:09  Zergling x2  
  79  5:18  Drone x2  
  79  5:20  Extractor  
  79  5:21  Overlord  
  79  5:22  Extractor  
  76  5:32  Drone x4  
  76  5:33  Drone  
  76  5:35  Drone, Extractor  
  80  5:40  Drone x4  
  80  5:42  Drone  
  83  5:44  Drone  
  83  5:47  Glial Reconstitution  
  84  5:50  Hatchery  
  84  5:53  Overlord  
  83  5:58  Overlord  
  83  6:02  Roach, Spire  
  83  6:03  Roach x2  
  87  6:07  Roach  
  87  6:08  Roach x2  
  93  6:11  Drone  
  93  6:12  Drone  
  93  6:15  Roach x3  
  100  6:19  Roach x2  
  100  6:20  Roach  
  110  6:25  Roach x2  
  110  6:26  Roach  
  110  6:29  Overlord  
  112  6:38  Spore Crawler, Queen  
  112  6:39  Overlord  
  113  6:42  Overlord  
  113  6:45  Overlord  
  113  6:46  Overlord  
  113  6:47  Queen  
  113  6:51  Overlord  
  113  6:52  Spore Crawler  
  113  6:54  Zergling x10  
  117  7:02  Zergling x14  
  119  7:11  Overlord  
  119  7:21  Corruptor x4  
  123  7:23  Zerg Flyer Weapons Level 1  
  123  7:24  Hatchery  
  123  7:29  Corruptor x2  
  123  7:35  Corruptor x2  
  120  7:43  Corruptor x2  
  117  7:46  Drone  
  117  7:47  Drone x2  
  114  7:54  Drone x3  
  114  7:56  Roach x3  
  114  8:01  Roach x2  
  114  8:06  Roach x3  
  120  8:16  Roach x5  
  130  8:23  Roach x3, Evolution Chamber  
  137  8:27  Roach x2  
  137  8:29  Roach x2  
  143  8:35  Overlord x2  
  143  8:42  Roach x4  
  143  8:44  Overlord  
  151  8:49  Roach x3  
  151  8:54  Zerg Missile Weapons Level 1  
  157  8:57  Roach  
  157  8:58  Roach x2  
  163  9:03  Roach x2  
  163  9:04  Roach  
  169  9:10  Roach x3  
  169  9:11  Zergling x2  
  176  9:17  Ravager x10  
  176  9:19  Zergling x2  
  187  9:26  Zergling x14  
  187  9:28  Ravager x2  
  196  9:34  Zergling x8  
  196  9:51  Roach x7  
  192  9:56  Roach x7  
  192  9:59  Ravager  
  194  10:06  Roach x5  
  192  10:08  Zergling x4  
  192  10:11  Zergling x6  
  173  10:14  Zergling x4  
  173  10:15  Zergling x2  
  173  10:16  Zergling x4  
  173  10:18  Roach  
  149  10:23  Roach  
  149  10:24  Roach x2  
  149  10:26  Ravager x3  
  158  10:31  Zergling x12  
  158  10:32  Ravager x2  
  166  10:38  Roach x3  
  166  10:40  Zergling x4  
  174  10:48  Roach  
  174  10:49  Roach x4  
  184  10:51  Zergling x4  
  184  10:56  Roach x3  
  189  11:02  Roach x3  
  189  11:03  Roach  
  189  11:11  Roach x4  
  196  11:15  Roach x3  
  198  11:21  Roach  
  198  11:32  Zergling x10  

Tags
 
Add a new tag
Caveats
  • Supply blocks, unpowered buildings, or Contaminate may cause inaccurate times.
  • Supply counts are checked every 10 seconds.